Unix NetHack Version 3.7.0-89 Work-in-progress - last build Nov 3 2023 05:48:50 (ea8ed35e81eded05176fbf39db35bf4bcaa3adb9,branch:master). Game began 2023-11-04 22:32:14, ended 2023-11-04 22:38:17. Arasaka, lawful male dwarven Caveman ----- ------- #.....# |.....| #|...|# ------ |.{...| #|...|# ------ |....| .....>| #--.--# |@...| |....| |.....| # ## # |.a...# |<...| |.$....# # # # |....|# ----.- -------# # ###### ----|-##### ## ## # # ## ## # # # # # # # # # # # # ## # ######### # ## # # # # # --.-.-- #-------# # ---.--.---- ##|...F.| #|...{.|# ##..........- #|..>..| #|.....|# |.........| #......| #-.....-# |.........| ------- ------- ----------- Arasaka the Aborigine St:18 Dx:10 Co:20 In:8 Wi:9 Ch:10 Lawful Dlvl:4 $:215 HP:0(57) Pw:8(8) AC:7 Xp:4/104 T:1656 Latest messages: You hit the werejackal! The werejackal hits! You kill the werejackal! You hear the footsteps of a guard on patrol. You hear a slow drip. You hear a slow drip. You are beginning to feel hungry. You stop waiting. What do you want to eat? [l or ?*] This food really hits the spot! You finish eating the food ration. You hear the splashing of a naiad. What do you want to zap? [m or ?*] A lichen suddenly appears next to you! You miss the lichen. You kill the lichen! You see here a lichen corpse. s - a lichen corpse. What do you want to sacrifice? [s or ?*] Your sacrifice is consumed in a flash of light! You sense a conflict between Anu and Anshar. Unluckily, you feel the power of Anu decrease. What do you want to zap? [m or ?*] A giant ant suddenly appears next to you! You miss the giant ant. The giant ant bites! The giant ant bites! You miss the giant ant. The giant ant bites! The giant ant bites! You miss the giant ant. The giant ant bites! You miss the giant ant. The giant ant bites! You miss the giant ant. The giant ant bites! You miss the giant ant. The giant ant bites! The giant ant bites! You miss the giant ant. The giant ant bites! You miss the giant ant. The giant ant bites! The giant ant bites! Are you sure you want to pray? [yn] (n) You begin praying to Anshar. The giant ant bites! The giant ant bites! The giant ant bites! You die... Inventory: Coins ('$') $ - 215 gold pieces Weapons (')') b - a blessed +2 sling (alternate weapon; not wielded) k - an uncursed +0 orcish dagger a - an uncursed +1 club (weapon in hand) Armor ('[') j - an uncursed +0 orcish helm (being worn) e - an uncursed +0 leather armor (being worn) Comestibles ('%') l - an uncursed food ration Scrolls ('?') q - an uncursed scroll of confuse monster Potions ('!') h - a cursed potion of blindness p - a cursed potion of extra healing g - an uncursed potion of healing f - an uncursed potion of water Wands ('/') m - an uncursed wand of create monster (0:10) Tools ('(') o - an uncursed towel Gems/Stones ('*') c - 22 uncursed flint stones (in quiver pouch) Arasaka the Caveman's attributes: Background: You were an Aborigine, a level 4 dwarven Caveman. You were lawful, on a mission for Anu who was opposed by Ishtar (neutral) and Anshar (chaotic). You were in the Dungeons of Doom, on level 4. You entered the dungeon 1656 turns ago. It was nighttime. You had 104 experience points, 56 more were needed to attain level 5. Basics: You had 0 out of 57 hit points. You had all 8 energy points (spell power). Your armor class was 7. Your wallet contained 215 zorkmids. Autopickup was on for '$"?' plus thrown, with exceptions. Final Characteristics: Your strength was 18 (limit:18/100). Your dexterity was 10 (limit:20). Your constitution was 20 (limit:20). Your intelligence was 8 (limit:16). Your wisdom was 9 (limit:16). Your charisma was 10 (limit:16). Final Status: You weren't hungry. You were unencumbered. You were wielding a club. You had basic skill with club. Final Attributes: You were devoutly aligned. You had infravision. You were warded. You were unlucky. You are dead. Miscellaneous: You disabled loading of bones levels. Total elapsed playing time was 6 minutes. Major events: Turn 1: Arasaka the lawful dwarven Caveman entered the dungeon 911: attained the rank of Aborigine (level 3) 1389: entered the Gnomish Mines 1656: killed by a giant ant, while praying Vanquished creatures: a little dog a floating eye a giant bat a dwarf zombie a werejackal a large kobold 2 brown molds 2 geckos 2 jackals a fox 2 goblins 4 grid bugs 5 lichens a kobold zombie 6 newts 31 creatures vanquished. No species were genocided or became extinct. Voluntary challenges: You read items or engraved 4 times. You engraved Elbereth 3 times. You never genocided any monsters. You never polymorphed an object. You never changed form. You used no wishes. Achievements: You entered a shop. You attained the rank of Aborigine. You entered the Gnomish Mines. The Dungeons of Doom: levels 1 to 5 Level 1: A fountain. Level 2: "v" A delicatessen, a fountain, a grave. Level 3: "wraith books" A scroll shop. Level 4: <- You were here. An altar, a fountain, a sink. Stairs down to The Gnomish Mines. Final resting place for you, killed by a giant ant, while praying. Level 5: The Gnomish Mines: Level 5: Game over: ---------- / \ / REST \ / IN \ / PEACE \ / \ | Arasaka | | 215 Au | | killed by a | | giant ant | | | | | | 2023 | *| * * * | * _________)/\\_//(\/(/\)/\//\/|_)_______ Goodbye Arasaka the Caveman... You died in The Dungeons of Doom on dungeon level 4 with 820 points, and 215 pieces of gold, after 1656 moves. You were level 4 with a maximum of 57 hit points when you died.